 Dungeon Crawl Stone Soup version 0.31-a0-152-g6aa68a64a1 (webtiles) character file.

Game seed: 9153250885889272341

7210 qw the Skirmisher (level 11, -6/103 HPs)
             Began as a Naga Hunter on June 10, 2023.
             Was a Believer of Okawaru.
             Mangled by Amaemon
             ... wielding a +0 demon whip of venom
              (7 damage)
             ... on level 10 of the Dungeon.
             The game lasted 00:03:29 (8013 turns).

qw the Skirmisher (Naga Hunter)                     Turns: 8013, Time: 00:03:29

Health: -6/103     AC: 12    Str: 14    XL:     11   Next: 11%
Magic:  14/14      EV: 15    Int:  9    God:    Okawaru [**....]
Gold:   458        SH:  5    Dex: 19    Spells: 10/10 levels left

rFire   + . .        Y - +1 orcbow
rCold   + . .        (shield currently unavailable)
rNeg    + . .        f - +1 leather armour {rC+}
rPois   +            (no helmet)
rElec   .            d - +1 cloak
rCorr   .            p - +2 pair of gloves
SInv    +            (no barding)
Will    +....        i - amulet of reflection
Stlth   +++          g - ring of positive energy
HPRegen 0.37/turn    h - ring of protection from fire
MPRegen 0.14/turn

%: reflection
@: lethally poisoned (-6 -> -9), about to teleport, short of breath, heroic,
slowed, very slow
A: AC +3, large, see invisible, deformed body, poison resistance, slowness 2,
spit poison 1, naga tail 1
a: Spit Poison, Renounce Religion, Heroism


You were on level 10 of the Dungeon.
You worshipped Okawaru.
Okawaru was pleased with you.
You visited 2 branches of the dungeon, and saw 11 of its levels.

You collected 458 gold pieces.


Innate Abilities, Weirdness & Mutations

Your serpentine skin is tough. (AC +3)
You have supernaturally acute eyesight. (SInv)
Armour fits poorly on your strangely shaped body.
Your system is resistant to poisons. (rPois)
You cover ground very slowly.
You can spit poison.
You have a snake-like lower body.


   Skills:
 - Level 8.1(13.1) Fighting
 + Level 12.8(17.8) Ranged Weapons
 - Level 1.0(6.0) Armour
 - Level 4.2(9.2) Dodging
 - Level 1.5(6.5) Stealth
 - Level 4.0 Invocations


You had 10 spell levels left.
You didn't know any spells.
Your spell library was empty.

Inventory:

Hand Weapons
 Y - a +1 orcbow (weapon)
Armour
 c - the +0 robe of Uqomn {Regen+}
   (You found it on level 4 of the Dungeon)

   Regen:     It increases your rate of health regeneration.
 d - a +1 cloak (worn)
 f - a +1 leather armour of cold resistance (worn)
 p - a +2 pair of gloves (worn)
Jewellery
 g - a ring of positive energy (left hand)
 h - a ring of protection from fire (right hand)
 i - an amulet of reflection (around neck)
Scrolls
 l - a scroll of identify
Potions
 b - a potion of haste
 m - a potion of cancellation
 q - 2 potions of degeneration {unknown}

Dungeon Overview and Level Annotations

Branches:
Dungeon (10/15)            Temple (1/1) D:5            Lair (0/5) D:10
    Orc (0/2) D:9

Altars:
Ashenzari
Cheibriados
Dithmenos
Elyvilon
Fedhas
Gozag
Kikubaaqudgha
Makhleb
Nemelex Xobeh
Okawaru
Qazlal
Ru
Sif Muna
Trog
Uskayaw
Vehumet
Wu Jian
Yredelemnul
Zin
The Shining One

Shops:
D:1 (

Annotations:
D:10 Amaemon


Message History

Amaemon is almost dead.
You feel very sick. The orange demon completely misses you.
You block Amaemon's attack. Amaemon claws you. You block Amaemon's attack.
You shoot an arrow. The arrow closely misses Amaemon.
The arrow hits the orange demon but does no damage.
The orange demon is heavily wounded.
You have got your breath back.
You feel sick.
Amaemon hits you with a +0 demon whip of venom.
You block Amaemon's attack. Amaemon misses you.
The orange demon closely misses you.
8011 ||| INVOKING Spit Poison.
Aiming: Spit Poison (1% risk of failure)
Press: ? - help, Shift-Dir - straight line, f/p - Amaemon The splash of poison hits Amaemon but does no damage.
Amaemon is poisoned.
Amaemon is almost dead.
You feel very sick.
The orange demon looks more healthy.
The orange demon stings you from afar.
Amaemon hits you with a +0 demon whip of venom!
Amaemon misses you.
Amaemon tail-slaps you but does no damage.
8012 ||| READING scroll of teleportation.
As you read the scroll of teleportation, it crumbles to dust.
You feel strangely unstable.
You feel sick.
The orange demon no longer looks unusually toxic.
You block the orange demon's attack. Amaemon closely misses you.
Amaemon barely misses you.
Amaemon tail-slaps you but does no damage.
The orange demon stings you from afar.
Amaemon hits you with a +0 demon whip of venom.
Amaemon claws you. Amaemon barely misses you.
You shoot an arrow. The arrow completely misses Amaemon.
The arrow hits the orange demon!!
The orange demon is almost dead.
You feel sick. The orange demon closely misses you.
Amaemon hits you with a +0 demon whip of venom!
You die...

............... .......
............... .......
...........4... .......
.....$....6...4 .......
............... .......
.............6. .......
......s4# #..####
#######6####### #..####
.#############@.......
..<....
......................
.......
########...........)..
...)... #..############
######. #..# #.
#..####################.
#.......................
########################


You could see Amaemon (poisoned), an orange demon and a scorpion (summoned).

Vanquished Creatures
  2 two-headed ogres
  3 kobold demonologists (D:9)
  Grinder (D:5)
  A hornet (D:8)
  A wyvern (D:7)
  6 yaks (D:9)
  Menkaure (D:5)
  Duvessa (D:7)
  4 orc warriors
  3 sky beasts (D:7)
  A black bear (D:7)
  4 ice beasts
  An ogre (D:4)
  A centaur (D:7)
  2 phantoms (D:6)
  A kobold brigand (D:7)
  2 bullfrogs (D:8)
  5 scorpions
  6 wights
  Dowan (D:7)
  6 killer bees (D:9)
  2 howler monkeys
  6 jellies
  4 orc priests
  4 hounds
  3 sleepcaps
  3 iguanas
  A gnoll bouda (D:5)
  8 orc wizards
  10 adders
  4 gnolls
  A shadow imp (D:5)
  3 ufetubi
  3 worms
  A dart slug (D:4)
  30 orcs
  4 ball pythons
  6 endoplasms
  A giant cockroach (D:2)
  6 goblins
  8 hobgoblins
  3 jackals (D:1)
  3 quokkas
  5 bats
  5 frilled lizards
  8 kobolds
  3 rats
188 creatures vanquished.

Vanquished Creatures (others)
  A water moccasin (D:5)
  An ice beast (D:5)
2 creatures vanquished.

Grand Total: 190 creatures vanquished

Notes
Turn   | Place    | Note
-------+----------+-------------------------------------------
     0 | D:1      | qw the Naga Hunter began the quest for the Orb.
     0 | D:1      | Reached XP level 1. HP: 19/19 MP: 1/1
     0 | D:1      | 0 ||| qw: Version: 0.2-a-123-gb51047a
     0 | D:1      | 0 ||| qw: Game counter: 3797
     0 | D:1      | 0 ||| qw: Always use a shield: true
     0 | D:1      | 0 ||| qw: God list: Okawaru
     0 | D:1      | 0 ||| qw: Allow faded altars: false
     0 | D:1      | 0 ||| qw: Do Orc after D:15 true
     0 | D:1      | 0 ||| qw: Do second Lair branch before Depths: true
     0 | D:1      | 0 ||| qw: Lair rune preference: random
     0 | D:1      | 0 ||| qw: Plans: Normal
     0 | D:1      | 0 ||| PLANNING D:1-11
    55 | D:1      | 55 ||| INVOKING Spit Poison.
    56 | D:1      | 56 ||| INVOKING Spit Poison.
    60 | D:1      | 60 ||| INVOKING Spit Poison.
   103 | D:1      | 103 ||| INVOKING Spit Poison.
   126 | D:1      | 126 ||| INVOKING Spit Poison.
   127 | D:1      | Reached skill level 4 in Ranged Weapons
   127 | D:1      | Reached XP level 2. HP: 26/26 MP: 2/2
   131 | D:1      | 131 ||| INVOKING Spit Poison.
   135 | D:1      | 135 ||| INVOKING Spit Poison.
   176 | D:1      | 176 ||| INVOKING Spit Poison.
   178 | D:1      | Found Rov Quto's Weapon Boutique.
   180 | D:1      | 180 ||| INVOKING Spit Poison.
   279 | D:1      | 279 ||| INVOKING Spit Poison.
   282 | D:1      | 282 ||| INVOKING Spit Poison.
   365 | D:1      | 365 ||| INVOKING Spit Poison.
   370 | D:1      | 370 ||| INVOKING Spit Poison.
   405 | D:1      | 405 ||| INVOKING Spit Poison.
   535 | D:1      | 535 ||| INVOKING Spit Poison.
   642 | D:1      | 642 ||| INVOKING Spit Poison.
   725 | D:1      | 725 ||| READING scroll labelled RAB MUEXALLARE.
   729 | D:1      | 729 ||| READING scroll labelled GYSOMNOASEE.
   730 | D:1      | 730 ||| DROPPING scroll of butterflies.
   742 | D:2      | 742 ||| INVOKING Spit Poison.
   747 | D:2      | 747 ||| INVOKING Spit Poison.
   748 | D:2      | Reached XP level 3. HP: 32/32 MP: 3/3
   754 | D:2      | 754 ||| INVOKING Spit Poison.
   760 | D:2      | 760 ||| INVOKING Spit Poison.
   771 | D:2      | 771 ||| INVOKING Spit Poison.
   881 | D:2      | 881 ||| INVOKING Spit Poison.
   896 | D:2      | 896 ||| INVOKING Spit Poison.
   897 | D:2      | Noticed a scorpion
   901 | D:2      | 901 ||| INVOKING Spit Poison.
   902 | D:2      | Killed a scorpion
   903 | D:2      | Reached skill level 5 in Ranged Weapons
   903 | D:2      | Reached XP level 4. HP: 39/39 MP: 4/4
  1025 | D:2      | 1025 ||| INVOKING Spit Poison.
  1039 | D:2      | 1039 ||| INVOKING Spit Poison.
  1042 | D:2      | 1042 ||| INVOKING Spit Poison.
  1046 | D:2      | 1046 ||| INVOKING Spit Poison.
  1092 | D:2      | 1092 ||| INVOKING Spit Poison.
  1232 | D:3      | 1232 ||| INVOKING Spit Poison.
  1250 | D:3      | 1250 ||| INVOKING Spit Poison.
  1254 | D:3      | Reached XP level 5. HP: 48/48 MP: 5/5
  1256 | D:3      | 1256 ||| INVOKING Spit Poison.
  1262 | D:3      | 1262 ||| INVOKING Spit Poison.
  1263 | D:3      | Reached skill level 3 in Fighting
  1304 | D:3      | 1304 ||| INVOKING Spit Poison.
  1309 | D:3      | 1309 ||| INVOKING Spit Poison.
  1329 | D:3      | 1329 ||| INVOKING Spit Poison.
  1362 | D:3      | 1362 ||| INVOKING Spit Poison.
  1368 | D:3      | 1368 ||| INVOKING Spit Poison.
  1403 | D:3      | Found a stormy altar of Qazlal.
  1487 | D:3      | 1487 ||| INVOKING Spit Poison.
  1508 | D:3      | 1508 ||| INVOKING Spit Poison.
  1518 | D:3      | 1518 ||| INVOKING Spit Poison.
  1521 | D:3      | Reached XP level 6. HP: 53/56 MP: 6/6
  1541 | D:3      | HP: 8/56 [sleepcap (21)]
  1542 | D:3      | 1542 ||| READING 2 scrolls of teleportation.
  1758 | D:3      | Reached skill level 6 in Ranged Weapons
  1892 | D:3      | 1892 ||| UPGRADING to +0 leather armour of willpower.
  1902 | D:3      | 1902 ||| DROPPING +0 leather armour.
  1903 | D:3      | 1903 ||| READING scroll labelled KOMAEB ARETT.
  1904 | D:3      | 1904 ||| READING scroll labelled QACUIDDETO.
  1905 | D:3      | 1905 ||| READING scroll labelled MAROM QOKHEE.
  1906 | D:3      | 1906 ||| DRINKING 2 clear potions.
  1907 | D:3      | 1907 ||| DRINKING 2 smoky puce potions.
  1908 | D:3      | 1908 ||| DRINKING 2 fizzy dark potions.
  1909 | D:3      | 1909 ||| DROPPING potion of enlightenment.
  2000 | D:4      | Identified the +0 robe of Uqomn {Regen+}
  2042 | D:4      | 2042 ||| INVOKING Spit Poison.
  2094 | D:4      | 2094 ||| INVOKING Spit Poison.
  2313 | D:4      | Found an ancient bone altar of Kikubaaqudgha.
  2325 | D:4      | 2325 ||| INVOKING Spit Poison.
  2361 | D:4      | 2361 ||| INVOKING Spit Poison.
  2391 | D:4      | 2391 ||| INVOKING Spit Poison.
  2440 | D:4      | 2440 ||| INVOKING Spit Poison.
  2486 | D:4      | 2486 ||| UPGRADING to +0 robe of Uqomn {Regen+}.
  2496 | D:4      | 2496 ||| UPGRADING to +1 cloak.
  2501 | D:4      | 2501 ||| DROPPING +0 leather armour of willpower.
  2502 | D:4      | 2502 ||| UPGRADING to ring of positive energy.
  2503 | D:4      | 2503 ||| DROPPING ring of magical power.
  2527 | D:5      | Entered Level 5 of the Dungeon
  2528 | D:5      | 2528 ||| PLANNING SEWER
  2528 | D:5      | 2528 ||| INVOKING Spit Poison.
  2533 | D:5      | 2533 ||| STAIRDANCE
  2535 | D:4      | 2535 ||| INVOKING Spit Poison.
  2574 | D:5      | Noticed Grinder
  2575 | D:5      | 2575 ||| INVOKING Spit Poison.
  2579 | D:5      | Reached XP level 7. HP: 64/64 MP: 7/7
  2581 | D:5      | 2581 ||| Stepping ~*~*~tactically~*~*~ (outnumbered).
  2582 | D:5      | 2582 ||| INVOKING Spit Poison.
  2587 | D:5      | 2587 ||| INVOKING Spit Poison.
  2589 | D:5      | Paralysed by Grinder for 3 turns
  2592 | D:5      | 2592 ||| INVOKING Spit Poison.
  2610 | D:5      | Killed Grinder
  2611 | D:5      | Reached skill level 7 in Ranged Weapons
  2612 | D:5      | 2612 ||| Stepping ~*~*~tactically~*~*~ (outnumbered).
  2617 | D:5      | 2617 ||| INVOKING Spit Poison.
  2623 | D:5      | 2623 ||| INVOKING Spit Poison.
  2628 | D:5      | 2628 ||| INVOKING Spit Poison.
  2633 | D:5      | 2633 ||| INVOKING Spit Poison.
  2779 | D:5      | 2779 ||| INVOKING Spit Poison.
  2821 | D:5      | 2821 ||| INVOKING Spit Poison.
  2826 | D:5      | 2826 ||| INVOKING Spit Poison.
  2892 | D:5      | 2892 ||| INVOKING Spit Poison.
  2897 | D:5      | 2897 ||| INVOKING Spit Poison.
  2901 | D:5      | Reached XP level 8. HP: 60/72 MP: 8/8
  2915 | D:5      | Found a snail-covered altar of Cheibriados.
  2923 | D:5      | Found a staircase to the Ecumenical Temple.
  2924 | D:5      | 2924 ||| INVOKING Spit Poison.
  2926 | D:5      | Reached skill level 8 in Ranged Weapons
  2930 | D:5      | 2930 ||| UPGRADING to amulet of reflection.
  3004 | D:5      | Found a broken altar of Ashenzari.
  3005 | D:5      | Found a blossoming altar of Fedhas.
  3013 | D:5      | 3013 ||| RIP SEWER
  3049 | D:5      | 3049 ||| PLANNING TEMPLE
  3073 | Temple   | Entered the Ecumenical Temple
  3073 | Temple   | Found a transporter.
  3073 | Temple   | Found a transporter.
  3075 | Temple   | Found a transporter.
  3075 | Temple   | Found a transporter.
  3085 | Temple   | 3085 ||| PLANNING D:1-11
  3088 | Temple   | 3088 ||| PLANNING OKAWARU WORSHIP
  3091 | Temple   | Became a worshipper of Warmaster Okawaru
  3091 | Temple   | 3091 ||| PLANNING D:1-11
  3138 | D:5      | 3138 ||| INVOKING Spit Poison.
  3164 | D:5      | Noticed Menkaure
  3173 | D:5      | Killed Menkaure
  3226 | D:5      | 3226 ||| INVOKING Spit Poison.
  3229 | D:5      | 3229 ||| DRINKING potion of curing.
  3229 | D:5      | 3229 ||| (to cure confusion)
  3233 | D:5      | 3233 ||| INVOKING Spit Poison.
  3294 | D:5      | 3294 ||| INVOKING Spit Poison.
  3301 | D:5      | 3301 ||| INVOKING Spit Poison.
  3308 | D:5      | 3308 ||| INVOKING Spit Poison.
  3313 | D:5      | 3313 ||| INVOKING Spit Poison.
  3417 | D:5      | 3417 ||| INVOKING Spit Poison.
  3464 | D:5      | 3464 ||| INVOKING Spit Poison.
  3502 | D:5      | 3502 ||| UPGRADING to +1 leather armour of cold resistance.
  3513 | D:5      | 3513 ||| READING scroll labelled MAGRAR GIMOAPS.
  3517 | D:5      | 3517 ||| INVOKING Spit Poison.
  3524 | D:5      | 3524 ||| INVOKING Spit Poison.
  3681 | D:5      | Reached skill level 9 in Ranged Weapons
  3796 | D:6      | 3796 ||| INVOKING Spit Poison.
  3800 | D:6      | 3800 ||| INVOKING Spit Poison.
  3803 | D:6      | 3803 ||| STAIRDANCE
  3805 | D:5      | 3805 ||| INVOKING Spit Poison.
  3813 | D:5      | 3813 ||| INVOKING Spit Poison.
  3816 | D:5      | Reached skill level 1 in Armour
  3817 | D:5      | 3817 ||| INVOKING Spit Poison.
  3861 | D:6      | 3861 ||| INVOKING Spit Poison.
  3884 | D:6      | 3884 ||| INVOKING Spit Poison.
  3888 | D:6      | 3888 ||| INVOKING Spit Poison.
  3934 | D:6      | 3934 ||| INVOKING Spit Poison.
  3958 | D:6      | 3958 ||| INVOKING Spit Poison.
  3968 | D:6      | Found a sacrificial altar of Ru.
  3972 | D:6      | 3972 ||| INVOKING Spit Poison.
  3973 | D:6      | 3973 ||| Stepping ~*~*~tactically~*~*~ (outnumbered).
  3979 | D:6      | 3979 ||| INVOKING Spit Poison.
  3991 | D:6      | 3991 ||| INVOKING Spit Poison.
  4043 | D:6      | Reached * piety under Okawaru
  4044 | D:6      | Reached skill level 6 in Fighting
  4044 | D:6      | Reached XP level 9. HP: 82/82 MP: 9/9
  4045 | D:6      | 4045 ||| INVOKING Spit Poison.
  4063 | D:6      | 4063 ||| INVOKING Heroism.
  4074 | D:6      | Reached skill level 3 in Dodging
  4077 | D:6      | 4077 ||| INVOKING Spit Poison.
  4080 | D:6      | 4080 ||| INVOKING Heroism.
  4089 | D:6      | 4089 ||| INVOKING Spit Poison.
  4114 | D:6      | Reached skill level 1 in Invocations
  4206 | D:6      | Found a sparkling altar of Nemelex Xobeh.
  4208 | D:6      | Found an opulent altar of Gozag.
  4241 | D:6      | 4241 ||| INVOKING Spit Poison.
  4409 | D:6      | 4409 ||| READING scroll labelled GIVVURH YNACAUSAUD.
  4410 | D:6      | 4410 ||| READING scroll labelled GUALEIGEMI.
  4497 | D:7      | Noticed Duvessa
  4497 | D:7      | Noticed Dowan
  4498 | D:7      | 4498 ||| INVOKING Heroism.
  4501 | D:7      | 4501 ||| INVOKING Spit Poison.
  4503 | D:7      | Killed Duvessa
  4508 | D:7      | 4508 ||| INVOKING Spit Poison.
  4508 | D:7      | Killed Dowan
  4579 | D:7      | 4579 ||| INVOKING Spit Poison.
  4596 | D:7      | 4596 ||| INVOKING Spit Poison.
  4597 | D:7      | 4597 ||| INVOKING Heroism.
  4602 | D:7      | Reached skill level 3 in Invocations
  4605 | D:7      | 4605 ||| INVOKING Spit Poison.
  4696 | D:7      | Found a bloodstained altar of Trog.
  4727 | D:7      | 4727 ||| SWAPPING to +0 orcbow.
  4728 | D:7      | 4728 ||| INVOKING Spit Poison.
  4731 | D:7      | 4731 ||| INVOKING Spit Poison.
  4734 | D:7      | 4734 ||| INVOKING Spit Poison.
  4735 | D:7      | 4735 ||| DROPPING +0 shortbow of chaos.
  4788 | D:7      | 4788 ||| INVOKING Spit Poison.
  4792 | D:7      | Reached skill level 10 in Ranged Weapons
  4793 | D:7      | 4793 ||| INVOKING Heroism.
  4794 | D:7      | 4794 ||| INVOKING Spit Poison.
  4803 | D:7      | 4803 ||| INVOKING Spit Poison.
  4808 | D:7      | 4808 ||| INVOKING Spit Poison.
  4928 | D:7      | 4928 ||| INVOKING Heroism.
  4930 | D:7      | 4930 ||| INVOKING Spit Poison.
  4938 | D:7      | 4938 ||| INVOKING Spit Poison.
  4946 | D:7      | 4946 ||| INVOKING Spit Poison.
  4949 | D:7      | 4949 ||| INVOKING Heroism.
  4954 | D:7      | 4954 ||| INVOKING Spit Poison.
  5431 | D:7      | 5431 ||| READING scroll labelled BATOXT YTWOZE.
  5432 | D:7      | 5432 ||| READING scroll labelled CAITULETHU.
  5523 | D:8      | 5523 ||| INVOKING Heroism.
  5728 | D:8      | Noticed a hornet
  5729 | D:8      | 5729 ||| INVOKING Spit Poison.
  5735 | D:8      | 5735 ||| INVOKING Heroism.
  5736 | D:8      | 5736 ||| INVOKING Spit Poison.
  5741 | D:8      | 5741 ||| INVOKING Spit Poison.
  5741 | D:8      | HP: 20/86 [hornet (6)]
  5742 | D:8      | 5742 ||| READING 2 scrolls of teleportation.
  5743 | D:8      | Killed a hornet
  5744 | D:8      | Reached XP level 10. HP: 19/94 MP: 11/13
  5746 | D:8      | HP: 16/94 [poisoned by a hornet]
  6013 | D:8      | 6013 ||| INVOKING Spit Poison.
  6057 | D:8      | Noticed a two-headed ogre
  6058 | D:8      | 6058 ||| INVOKING Heroism.
  6062 | D:8      | 6062 ||| INVOKING Spit Poison.
  6066 | D:8      | Killed a two-headed ogre
  6066 | D:8      | Reached ** piety under Okawaru
  6067 | D:8      | Reached skill level 11 in Ranged Weapons
  6124 | D:8      | 6124 ||| INVOKING Spit Poison.
  6279 | D:8      | 6279 ||| READING scroll labelled WOSHEH KIDGHU.
  6280 | D:8      | 6280 ||| DRINKING 2 metallic ruby potions.
  6281 | D:8      | 6281 ||| DRINKING 2 red potions.
  6282 | D:8      | 6282 ||| DROPPING potion of invisibility.
  6307 | D:9      | 6307 ||| INVOKING Spit Poison.
  6308 | D:9      | 6308 ||| INVOKING Heroism.
  6316 | D:9      | 6316 ||| INVOKING Spit Poison.
  6322 | D:9      | 6322 ||| INVOKING Spit Poison.
  6346 | D:9      | 6346 ||| INVOKING Spit Poison.
  6393 | D:9      | 6393 ||| INVOKING Spit Poison.
  6397 | D:9      | 6397 ||| INVOKING Spit Poison.
  6405 | D:9      | 6405 ||| INVOKING Spit Poison.
  6406 | D:9      | 6406 ||| INVOKING Heroism.
  6567 | D:9      | Noticed a kobold demonologist
  6570 | D:9      | 6570 ||| INVOKING Spit Poison.
  6573 | D:9      | Noticed a kobold demonologist
  6576 | D:9      | 6576 ||| INVOKING Spit Poison.
  6578 | D:9      | Noticed a smoke demon
  6580 | D:9      | Killed a kobold demonologist
  6581 | D:9      | 6581 ||| INVOKING Spit Poison.
  6586 | D:9      | Noticed a kobold demonologist
  6588 | D:9      | 6588 ||| INVOKING Spit Poison.
  6588 | D:9      | Killed a kobold demonologist
  6592 | D:9      | 6592 ||| INVOKING Spit Poison.
  6600 | D:9      | 6600 ||| INVOKING Spit Poison.
  6602 | D:9      | Killed a kobold demonologist
  6608 | D:9      | 6608 ||| INVOKING Spit Poison.
  6752 | D:9      | 6752 ||| INVOKING Spit Poison.
  6755 | D:9      | 6755 ||| INVOKING Spit Poison.
  6865 | D:9      | Noticed a two-headed ogre
  6866 | D:9      | 6866 ||| INVOKING Heroism.
  6867 | D:9      | 6867 ||| INVOKING Spit Poison.
  6873 | D:9      | Killed a two-headed ogre
  6874 | D:9      | Reached skill level 12 in Ranged Weapons
  7048 | D:9      | Found a staircase to the Orcish Mines.
  7053 | D:9      | 7053 ||| INVOKING Spit Poison.
  7205 | D:9      | 7205 ||| INVOKING Heroism.
  7206 | D:9      | 7206 ||| INVOKING Spit Poison.
  7210 | D:9      | 7210 ||| INVOKING Spit Poison.
  7217 | D:9      | 7217 ||| INVOKING Spit Poison.
  7222 | D:9      | 7222 ||| INVOKING Spit Poison.
  7232 | D:9      | 7232 ||| INVOKING Heroism.
  7233 | D:9      | 7233 ||| INVOKING Spit Poison.
  7474 | D:9      | 7474 ||| INVOKING Spit Poison.
  7477 | D:9      | Reached XP level 11. HP: 103/103 MP: 14/14
  7482 | D:9      | 7482 ||| INVOKING Spit Poison.
  7488 | D:9      | 7488 ||| INVOKING Spit Poison.
  7686 | D:9      | 7686 ||| INVOKING Spit Poison.
  7689 | D:9      | Reached *** piety under Okawaru
  7692 | D:9      | 7692 ||| INVOKING Spit Poison.
  7793 | D:9      | 7793 ||| UPGRADING to +2 pair of gloves.
  7798 | D:9      | 7798 ||| UPGRADING to ring of protection from fire.
  7799 | D:9      | 7799 ||| READING scroll labelled MAICWI CEOSIPP.
  7800 | D:9      | 7800 ||| DRINKING 2 green potions.
  7803 | D:9      | 7803 ||| READING 4 scrolls of identify.
  7803 | D:9      | 7803 ||| IDENTIFYING purple potion
  7804 | D:9      | 7804 ||| READING 3 scrolls of identify.
  7804 | D:9      | 7804 ||| IDENTIFYING coppery potion
  7805 | D:9      | 7805 ||| READING 2 scrolls of identify.
  7805 | D:9      | 7805 ||| IDENTIFYING pink potion
  7806 | D:9      | 7806 ||| DROPPING potion of berserk rage.
  7807 | D:9      | 7807 ||| DROPPING potion of ambrosia.
  7808 | D:9      | 7808 ||| DROPPING potion of brilliance.
  7809 | D:9      | 7809 ||| DROPPING potion of attraction.
  7877 | D:10     | Entered Level 10 of the Dungeon
  7898 | D:10     | Found a staircase to the Lair.
  7995 | D:10     | Noticed Amaemon
  7996 | D:10     | 7996 ||| INVOKING Heroism.
  7997 | D:10     | 7997 ||| Stepping ~*~*~tactically~*~*~ (outnumbered).
  7999 | D:10     | 7999 ||| Stepping ~*~*~tactically~*~*~ (outnumbered).
  8001 | D:10     | 8001 ||| INVOKING Spit Poison.
  8007 | D:10     | 8007 ||| INVOKING Spit Poison.
  8011 | D:10     | 8011 ||| INVOKING Spit Poison.
  8011 | D:10     | HP: 15/103 [Amaemon/+0 demon whip of venom (11)]
  8012 | D:10     | 8012 ||| READING scroll of teleportation.
  8012 | D:10     | HP: 7/103 [Amaemon/+0 demon whip of venom (1)]
  8012 | D:10     | HP: 2/103 [Amaemon/+0 demon whip of venom (5)]
  8013 | D:10     | Mangled by Amaemon

Levels and vault maps discovered:
D:1:      amcnicky_arrival_blooded_trapdoor, layout_basic, serial_shops,
          nicolae_shop_temple_entry_statues_fountains
D:2:      layout_basic, chequers_serial_rivers_small_a, grunt_decor_resistance
D:3:      layout_rooms, nicolae_qazlal_eye_of_the_storm
D:4:      layout_basic, kiku_gazebo_pond_becter, nicolae_kite_square_tiling_tiny
D:5:      layout_loops_corners, gammafunk_temple_overflow_forgotten,
          temple_fountains, cheibrodos_sewer_entry_bend, grunt_ministairs_15,
          uniq_grinder, uniq_menkaure
D:6:      layout_rooms, mainiacjoe_overflow_alcove_1,
          grunt_temple_overflow_opulence, grunt_decor_fettered,
          minmay_fractal_squares_5
D:7:      layout_basic, lemuel_crystal_altar, minmay_fractal_squares_diagonal_5,
          uniq_duvessa
D:8:      layout_basic
D:9:      layout_loops_corners, minmay_orc_entry_temple_small
D:10:     layout_long_grid, regret_index_temple_of_mockery, lair_entry_dummy,
          enter_trove_1, serial_shops, shop, uniq_amaemon
Temple:   hellmonk_temple_divided_pantheon

Skill      XL: |  1  2  3  4  5  6  7  8  9 10 |
---------------+-------------------------------+-----
Ranged Weapons | 4 5 6 7 9 10 12 | 12.8
Fighting       | 3 4 6 7 8 |  8.1
Dodging        | 2 3 4 |  4.2
Armour         | 1 |  1.0
Invocations    | 4 |  4.0
Stealth        | |  1.5

Action                     |  1- 3 |  4- 6 |  7- 9 | 10-12 || total
---------------------------+-------+-------+-------+-------++-------
   Fire: Shortbow          |    43 |   102 |   254 |       ||   399
         Orcbow            |       |       |    68 |   169 ||   237
 Invoke: Heroism           |       |       |     9 |     7 ||    16
Ability: Spit Poison       |    23 |    26 |    60 |    34 ||   143
    Use: Scroll            |     2 |     4 |     6 |     6 ||    18
         Potion            |       |     3 |     1 |     3 ||     7
 Armour: Leather armour    |     5 |     3 |    28 |    44 ||    80
         Robe              |       |       |    21 |       ||    21
  Dodge: Dodged            |     8 |    11 |    97 |    91 ||   207
  Block: Other             |       |       |    29 |    28 ||    57

Table legend:
 A = Non-vault XP
 B = Vault XP
 C = Vault XP percentage of total XP
 D = Non-vault monster count
 E = Vault monster count
 F = Vault count percentage of total count
                 A         B        C        D         E       F
            +---------+---------+-------+---------+---------+-------
      Total |    8028 |    2272 |  22.1 |     152 |      37 |  19.6
            +---------+---------+-------+---------+---------+-------
        D:1 |      32 |       0 |   0.0 |      20 |       0 |   0.0
        D:2 |     127 |       0 |   0.0 |      14 |       0 |   0.0
        D:3 |     200 |       0 |   0.0 |      19 |       0 |   0.0
        D:4 |     227 |       0 |   0.0 |      11 |       0 |   0.0
        D:5 |     922 |     588 |  38.9 |      24 |       9 |  27.3
        D:6 |     551 |     341 |  38.2 |      16 |       7 |  30.4
        D:7 |     464 |     976 |  67.8 |      10 |       8 |  44.4
        D:8 |    1473 |       0 |   0.0 |       7 |       0 |   0.0
        D:9 |    4032 |     367 |   8.3 |      31 |      13 |  29.5
            +---------+---------+-------+---------+---------+-------
